 Dungeon Crawl Stone Soup version 0.31-a0-229-g1fc7ce93e2 (webtiles) character file.

Game seed: 1568644122641724136

1612 qw the Skirmisher (level 8, -4/70 HPs)
             Began as a Minotaur Hexslinger on July 6, 2023.
             Was an Initiate of Okawaru.
             Slain by a two-headed ogre
             ... wielding a +0 giant club
              (23 damage)
             ... on level 6 of the Dungeon.
             The game lasted 00:02:16 (5410 turns).

qw the Skirmisher (Minotaur Hexslinger)             Turns: 5410, Time: 00:02:16

Health: -4/70      AC:  8    Str: 16    XL:     8   Next: 63%
Magic:  8/8        EV: 11    Int: 13    God:    Okawaru [......]
Gold:   224        SH:  0    Dex: 13    Spells: 8/9 levels left

rFire   . . .        Y - +2 sling
rCold   . . .        (no shield)
rNeg    . . .        b - +0 ring mail
rPois   +            (helmet unavailable)
rElec   .            (no cloak)
rCorr   .            c - +1 pair of gloves
SInv    .            o - +0 pair of boots
Will    .....        (no amulet)
Stlth   +            l - ring of poison resistance
HPRegen 0.31/turn    (no ring)
MPRegen 0.11/turn

%: no passive effects
@: no status effects
A: horns 3, retaliatory headbutt, clever 1, strong 1, MP-powered wands
a: Renounce Religion


You were on level 6 of the Dungeon.
You worshipped Okawaru.
Okawaru was noncommittal.
You visited 2 branches of the dungeon, and saw 7 of its levels.
You also visited: Sewer.

You collected 247 gold pieces.
You spent 23 gold pieces at shops.


Innate Abilities, Weirdness & Mutations

You have a pair of large horns on your head.
You reflexively headbutt those who attack you in melee.
Your mind is acute. (Int +4, Str/Dex -1)
Your muscles are strong. (Str +4, Int/Dex -1)
You expend magic power (3 MP) to strengthen your wands.


   Skills:
 - Level 6.0 Fighting
 - Level 10.1 Ranged Weapons
 + Level 2.9 Armour
 - Level 3.5 Dodging
 - Level 1.0 Spellcasting
 - Level 2.0 Hexes


You had 8 spell levels left.
You knew the following spells:

 Your Spells              Type           Power      Damage    Failure   Level
a - Slow                  Hex            20%        N/A       22%         1

Your spell library contained the following spells:

 Spells                   Type           Power      Damage    Failure   Level
 Inner Flame              Hex/Fire       3%         N/A       71%         3
 Portal Projectile        Hex/Tloc       6%         N/A       71%         3
 Cause Fear               Hex            2%         N/A       92%         4

Inventory:

Hand Weapons
 Y - a +2 sling (weapon)
Armour
 b - a +0 ring mail (worn)
 c - a +1 pair of gloves (worn)
 o - a +0 pair of boots (worn)
Jewellery
 l - a ring of poison resistance (left hand)
Wands
 i - a wand of digging (8)
Scrolls
 a - a scroll of teleportation
 g - a scroll of identify
Potions
 d - 3 potions of enlightenment
 e - 4 potions of curing
 f - a potion of mutation
 h - a potion of berserk rage {unknown}
 j - a potion of attraction {unknown}
 k - a potion of degeneration {unknown}
 m - a potion of might {unknown}
 n - a potion of resistance {unknown}
 p - a potion of cancellation {unknown}
 q - a potion of magic {unknown}
 r - a potion of heal wounds {unknown}

Dungeon Overview and Level Annotations

Branches:
Dungeon (6/15)             Temple (1/1) D:5           Sewer (visited)

Altars:
Ashenzari
Cheibriados
Elyvilon
Fedhas
Gozag
Kikubaaqudgha
Makhleb
Okawaru
Qazlal
Ru
Trog
Uskayaw
Wu Jian
Xom
Yredelemnul
Zin
The Shining One

Shops:
D:1 *   D:3 [


Message History

You shoot a sling bullet. The sling bullet hits the scorpion.
The scorpion is almost dead.
The scorpion stings you but does no damage.
The two-headed ogre hits you with a +0 giant club! x2
The scorpion stings you but does no damage.
The scorpion misses you.
You shoot a sling bullet.
The sling bullet closely misses the scorpion.
The scorpion completely misses you. You furiously retaliate!
You headbutt the scorpion!
The scorpion stings you but does no damage.
You shoot a sling bullet.
The sling bullet hits the scorpion but does no damage.
The scorpion is almost dead.
The two-headed ogre barely misses you. You furiously retaliate!
You headbutt the two-headed ogre! The two-headed ogre barely misses you.
The scorpion misses you.
The scorpion stings you but does no damage.
You shoot a sling bullet. The sling bullet hits the scorpion.
You kill the scorpion!
Okawaru accepts your kill. The scorpion barely misses you.
You furiously retaliate!
You headbutt the scorpion!
You kill the scorpion!
Okawaru accepts your kill. The two-headed ogre closely misses you.
The two-headed ogre hits you with a +0 giant club.
Your Ranged Weapons skill increases to level 10!
You shoot a sling bullet.
The sling bullet hits the two-headed ogre.
The two-headed ogre is moderately wounded.
You shoot a sling bullet.
The sling bullet hits the two-headed ogre.
The two-headed ogre is moderately wounded.
The two-headed ogre barely misses you. x2
You shoot a sling bullet.
The sling bullet hits the two-headed ogre.
The two-headed ogre is moderately wounded.
The two-headed ogre hits you with a +0 giant club!!
You die...

############
#..........#
#.....@%...#
######......O<..#
........<......?#
.####.............
...................
..#.............>..
###..............
############...


You could see a two-headed ogre.

Vanquished Creatures
  A steam dragon (D:5)
  Duvessa (D:5)
  A black bear (D:5)
  2 ogres
  2 bullfrogs (Sewer)
  7 scorpions
  Dowan (D:5)
  A howler monkey (D:5)
  A jelly (D:5)
  A hound (D:5)
  An orc priest (D:3)
  An iguana (D:5)
  A sleepcap (D:5)
  An orc wizard (D:5)
  15 adders
  7 river rats
  2 white imps (D:5)
  An ufetubus (D:6)
  2 dart slugs
  3 orcs
  9 bats
  4 endoplasms
  3 giant cockroaches
  3 goblins
  9 hobgoblins
  4 jackals (D:1)
  5 kobolds
  8 quokkas
  20 ball pythons
  2 frilled lizards
  31 rats
150 creatures vanquished.

Notes
Turn   | Place    | Note
-------+----------+-------------------------------------------
     0 | D:1      | qw the Minotaur Hexslinger began the quest for the Orb.
     0 | D:1      | Reached XP level 1. HP: 16/16 MP: 1/1
     0 | D:1      | 0 ||| qw: Version: 0.3-a-46-gb1f654a
     0 | D:1      | 0 ||| qw: Game counter: 1193
     0 | D:1      | 0 ||| qw: Melee chars always use a shield: true
     0 | D:1      | 0 ||| qw: God list: Okawaru
     0 | D:1      | 0 ||| qw: Allow faded altars: false
     0 | D:1      | 0 ||| qw: Do Orc after clearing Dungeon:15 true
     0 | D:1      | 0 ||| qw: Do second Lair branch before Depths: true
     0 | D:1      | 0 ||| qw: Lair rune preference: random
     0 | D:1      | 0 ||| qw: Goals: Normal
     0 | D:1      | 0 ||| PLANNING D:1-11
    36 | D:1      | 36 ||| FLEEEEING.
    37 | D:1      | 37 ||| FLEEEEING.
    38 | D:1      | 38 ||| FLEEEEING.
   133 | D:1      | Reached skill level 3 in Ranged Weapons
   133 | D:1      | Reached XP level 2. HP: 23/23 MP: 2/2
   442 | D:1      | 442 ||| READING scroll labelled OFFURARA ISMOJ.
   443 | D:1      | 443 ||| READING scroll labelled CAYNED VANUR.
   453 | D:1      | Reached XP level 3. HP: 17/29 MP: 3/3
   500 | D:1      | Found a faded altar of an unknown god.
   805 | D:1      | Found Roahurhe's Assorted Antiques.
   871 | D:1      | 871 ||| BUYING blue potion (23 gold).
   871 | D:1      | Bought a blue potion for 23 gold pieces
   871 | D:1      | 871 ||| SHOPLISTING scroll labelled QIXEABBOAFO (26 gold,
                  | have 9).
   871 | D:1      | 871 ||| SHOPLISTING scroll labelled TEHAXTO VONWA (26 gold,
                  | have 9).
   871 | D:1      | 871 ||| SHOPLISTING scroll labelled WEXTIL SICABB (26 gold,
                  | have 9).
   871 | D:1      | 871 ||| SHOPLISTING silvery potion (23 gold, have 9).
   897 | D:1      | 897 ||| UPGRADING to +0 leather armour.
   907 | D:1      | 907 ||| DROPPING +0 robe.
   908 | D:1      | 908 ||| DRINKING 2 puce potions.
   909 | D:1      | 909 ||| DROPPING scroll of poison.
   969 | D:2      | Reached skill level 4 in Ranged Weapons
   972 | D:2      | 972 ||| FLEEEEING.
   977 | D:2      | 977 ||| STAIRDANCE
  1002 | D:1      | 1002 ||| UPGRADING to +0 ring mail.
  1012 | D:1      | 1012 ||| DROPPING +0 leather armour.
  1013 | D:1      | 1013 ||| UPGRADING to +0 pair of gloves.
  1086 | D:2      | Reached skill level 1 in Armour
  1138 | D:2      | 1138 ||| FLEEEEING.
  1139 | D:2      | 1139 ||| FLEEEEING.
  1283 | D:2      | Identified the +8 long sword of Compulsion {pain, Contam
                  | rElec rPois rC++ rCorr}
  1286 | D:2      | You fall into a shaft and drop 2 floors!
  1432 | D:4      | Reached XP level 4. HP: 36/36 MP: 4/4
  1491 | D:4      | 1491 ||| READING scroll labelled HAISKUYBLE.
  1555 | D:4      | 1555 ||| READING 2 scrolls labelled NECSUPLOWUN.
  1556 | D:4      | 1556 ||| DROPPING scroll of fog.
  1562 | D:4      | 1562 ||| FLEEEEING.
  1563 | D:4      | 1563 ||| FLEEEEING.
  1564 | D:4      | 1564 ||| STAIRDANCE
  1614 | D:3      | Noticed a scorpion
  1629 | D:3      | Killed a scorpion
  1630 | D:3      | Reached skill level 5 in Ranged Weapons
  1630 | D:3      | Reached XP level 5. HP: 24/41 MP: 5/5
  1707 | D:3      | Found Bileuw's Antique Armour Emporium.
  1721 | D:3      | 1721 ||| SHOPLISTING glowing robe (99 gold, have 48).
  1721 | D:3      | 1721 ||| SHOPLISTING jewelled ring mail (243 gold, have
                  | 48).
  1721 | D:3      | 1721 ||| SHOPLISTING pair of boots (121 gold, have 48).
  1721 | D:3      | 1721 ||| SHOPLISTING shiny ring mail (189 gold, have 48).
  1721 | D:3      | 1721 ||| SHOPLISTING spiked ring mail (243 gold, have 48).
  1966 | D:2      | 1966 ||| READING scroll labelled ZENESM NUSIG.
  2143 | D:3      | Reached skill level 3 in Fighting
  2344 | D:3      | 2344 ||| UPGRADING to ring of poison resistance.
  2345 | D:3      | 2345 ||| READING scroll labelled WEXTIL SICABB.
  2346 | D:3      | 2346 ||| DRINKING 3 sapphire potions.
  2347 | D:3      | 2347 ||| DRINKING 2 blue potions.
  2347 | D:3      | Gained mutation: You have a pair of large horns on your
                  | head. [potion of mutation]
  2347 | D:3      | Gained mutation: Your mind is acute. (Int +4, Str/Dex -1)
                  | [potion of mutation]
  2347 | D:3      | Gained mutation: You have hidden genetic potential. [potion
                  | of mutation]
  2389 | D:4      | Found a white marble altar of Elyvilon.
  2499 | D:4      | Reached skill level 6 in Ranged Weapons
  2499 | D:4      | Reached XP level 6. HP: 45/51 MP: 6/6
  2608 | D:4      | Gained mutation: You expend magic power (3 MP) to
                  | strengthen your wands. [hidden potential]
  3084 | D:4      | 3084 ||| UPGRADING to +0 pair of boots.
  3089 | D:4      | 3089 ||| READING scroll labelled RIOTYO ISEH.
  3090 | D:4      | 3090 ||| READING scroll labelled PUPIDO ZUBO.
  3091 | D:4      | 3091 ||| READING scroll labelled TEHAXTO VONWA.
  3149 | D:5      | Entered Level 5 of the Dungeon
  3150 | D:5      | 3150 ||| PLANNING SEWER
  3156 | D:5      | Found a sacrificial altar of Ru.
  3221 | D:5      | Found a glowing drain.
  3230 | D:5      | Reached skill level 7 in Ranged Weapons
  3265 | D:5      | Reached XP level 7. HP: 36/59 MP: 7/7
  3348 | Sewer    | Entered a sewer
  3361 | Sewer    | 3361 ||| Stepping ~*~*~tactically~*~*~ (water).
  3364 | Sewer    | 3364 ||| Stepping ~*~*~tactically~*~*~ (water).
  3577 | Sewer    | 3577 ||| READING scroll of enchant armour.
  3577 | Sewer    | 3577 ||| ENCHANTING +0 pair of gloves.
  3615 | Sewer    | 3615 ||| Stepping ~*~*~tactically~*~*~ (water).
  3619 | Sewer    | Gained mutation: Your muscles are strong. (Str +4, Int/Dex
                  | -1) [hidden potential]
  3619 | Sewer    | Lost mutation: You have hidden genetic potential. [hidden
                  | potential expressed]
  3773 | Sewer    | 3773 ||| Stepping ~*~*~tactically~*~*~ (water).
  3776 | Sewer    | 3776 ||| Stepping ~*~*~tactically~*~*~ (water).
  3782 | Sewer    | Reached skill level 8 in Ranged Weapons
  3852 | Sewer    | 3852 ||| READING 2 scrolls labelled QIXEABBOAFO.
  3856 | Sewer    | 3856 ||| READING scroll labelled LUSAIM HESTRU.
  3857 | Sewer    | 3857 ||| READING scroll labelled VECATHR FYAZ.
  3858 | Sewer    | 3858 ||| DRINKING 2 ruby potions.
  3859 | Sewer    | 3859 ||| DROPPING potion of brilliance.
  3873 | D:5      | 3873 ||| PLANNING D:1-11
  4283 | D:5      | Reached skill level 9 in Ranged Weapons
  4283 | D:5      | Reached XP level 8. HP: 68/68 MP: 8/8
  4401 | D:5      | Reached skill level 6 in Fighting
  4401 | D:5      | 4401 ||| Stepping ~*~*~tactically~*~*~ (cloud).
  4680 | D:5      | Reached skill level 3 in Dodging
  4758 | D:5      | Noticed Duvessa
  4760 | D:5      | Noticed Dowan
  4765 | D:5      | Killed Duvessa
  4790 | D:5      | Killed Dowan
  4974 | D:5      | Found a staircase to the Ecumenical Temple.
  4975 | D:5      | 4975 ||| PLANNING TEMPLE
  4979 | Temple   | Entered the Ecumenical Temple
  5035 | Temple   | 5035 ||| PLANNING OKAWARU WORSHIP
  5177 | Temple   | Became a worshipper of Warmaster Okawaru
  5178 | Temple   | 5178 ||| PLANNING D:1-11
  5294 | D:6      | 5294 ||| STAIRDANCE
  5395 | D:6      | Noticed a two-headed ogre
  5408 | D:6      | Reached skill level 10 in Ranged Weapons
  5410 | D:6      | Slain by a two-headed ogre

Levels and vault maps discovered:
D:1:      evilmike_arrival_crescent, layout_basic, serial_shops,
          nicolae_shop_window_shopping, shapermc_ecumenical_altar_notcrosses
D:2:      layout_basic
D:3:      layout_rooms, serial_shops, shop, minivault_11, minmay_close_crescents
D:4:      layout_cave_pods, elyvilon_altar_4, glass_columns_b
D:5:      layout_basic, nicolae_ru_great_annihilating_truth,
          minmay_temple_entry_butterflies, portal_sewer_entry_c, uniq_duvessa
D:6:      layout_rooms
Temple:   regret_index_temple_generic_petals

Skill      XL: |  1  2  3  4  5  6  7  8 |
---------------+-------------------------+-----
Ranged Weapons | 3 4 5 6 7 9 10 | 10.1
Fighting       | 2 3 4 5 6 |  6.0
Armour         | 1 2 |  2.9
Dodging        | 3 |  3.5
Spellcasting   | |  1.0
Hexes          | |  2.0

Action                     |  1- 3 |  4- 6 |  7- 9 || total
---------------------------+-------+-------+-------++-------
   Fire: Sling             |   114 |   175 |   275 ||   564
    Use: Scroll            |     2 |     7 |     4 ||    13
         Potion            |     1 |     2 |     1 ||     4
 Armour: Robe              |     5 |       |       ||     5
         Ring mail         |     6 |    59 |    74 ||   139
         Leather armour    |     1 |       |       ||     1
  Dodge: Dodged            |    34 |    63 |   125 ||   222

Table legend:
 A = Non-vault XP
 B = Vault XP
 C = Vault XP percentage of total XP
 D = Non-vault monster count
 E = Vault monster count
 F = Vault count percentage of total count
                 A         B        C        D         E       F
            +---------+---------+-------+---------+---------+-------
      Total |    1642 |     661 |  28.7 |      80 |      70 |  46.7
            +---------+---------+-------+---------+---------+-------
        D:1 |      51 |       0 |   0.0 |      26 |       0 |   0.0
        D:2 |      60 |       0 |   0.0 |      15 |       0 |   0.0
        D:3 |     158 |       7 |   4.2 |      10 |       4 |  28.6
        D:4 |     330 |       0 |   0.0 |      10 |       0 |   0.0
        D:5 |     872 |     308 |  26.1 |      16 |      13 |  44.8
        D:6 |     171 |       0 |   0.0 |       3 |       0 |   0.0
      Sewer |       0 |     346 | 100.0 |       0 |      53 | 100.0
            +---------+---------+-------+---------+---------+-------
